 Dungeon Crawl Stone Soup version 0.31.0-11-ge490571c62 (webtiles) character file.

Game seed: 5193201253990587299

257 qw the Ducker (level 5, -1/28 HPs)
             Began as a Spriggan Hunter on Feb 3, 2024.
             Succumbed to a scorpion's poison
             ... on level 4 of the Dungeon.
             The game lasted 00:00:09 (2366 turns).

qw the Ducker (Spriggan Hunter)                     Turns: 2366, Time: 00:00:10

Health: -1/28      AC:  2    Str:  7    XL:     5   Next: 93%
Magic:  6/6        EV: 20    Int: 11    God:
Gold:   135        SH:  5    Dex: 20    Spells: 4/4 levels left

rFire   . . .        a - +1 shortbow
rCold   . . .        (shield currently unavailable)
rNeg    . . .        c - +0 robe
rPois   .            (helmet restricted)
rElec   .            (no cloak)
rCorr   .            (gloves unavailable)
SInv    +            (boots unavailable)
Will    .....        e - amulet of reflection
Stlth   ++           (no ring)
HPRegen 0.24/turn    (no ring)
MPRegen 0.10/turn

%: reflection
@: lethally poisoned (-1 -> -14), very quick
A: very small, no large weapons, unfitting armour, see invisible, speed 3
a: no special abilities


You were on level 4 of the Dungeon.
You visited 1 branch of the dungeon, and saw 4 of its levels.

You collected 135 gold pieces.


Innate Abilities, Weirdness & Mutations

You are very small and have problems with some larger weapons.
You are too small for most types of armour.
You have supernaturally acute eyesight. (SInv)
You cover ground extremely quickly. (Speed+++)


   Skills:
 - Level 3.4 Fighting
 + Level 5.0 Ranged Weapons
 - Level 5.3 Dodging
 - Level 1.5 Stealth


You had 4 spell levels left.
You didn't know any spells.
Your spell library was empty.

Inventory:

Hand Weapons
 a - a +1 shortbow (weapon)
Armour
 c - a +0 robe (worn)
Jewellery
 e - an amulet of reflection (around neck)
Scrolls
 g - a scroll of identify
 i - a scroll of immolation {unknown}
Potions
 b - a potion of brilliance {unknown}
 d - a potion of mutation {unknown}
 f - a potion of curing
 h - a potion of might

Dungeon Overview and Level Annotations

Branches:
Dungeon (4/15)
 Temple: D:4-7

Altars:
Ru


Message History

The gnoll sergeant misses you.
The orc throws a stone.
The stone barely misses you.
You shoot an arrow. The arrow hits the gnoll sergeant.
The gnoll sergeant is heavily wounded.
The gnoll sergeant hits you from afar with a +0 spear.
You shoot an arrow. The arrow hits the gnoll sergeant!
The gnoll sergeant is severely wounded.
The gnoll sergeant misses you.
The orc throws a stone.
The stone misses you.
You shoot an arrow. The arrow hits the gnoll sergeant.
The gnoll sergeant is severely wounded.
The gnoll sergeant closely misses you.
The orc throws a stone.
The stone misses you.
A scorpion comes into view.
The gnoll sergeant barely misses you.
You shoot an arrow. The gnoll sergeant blocks the arrow.
The gnoll sergeant closely misses you.
The orc throws a stone.
You block the stone with an invisible shield... and reflect it back!
The stone hits the orc.
You shoot an arrow. The arrow hits the gnoll sergeant.
The gnoll sergeant is almost dead.
The gnoll sergeant hits you from afar with a +0 spear.
You shoot an arrow. The arrow hits the gnoll sergeant.
The gnoll sergeant is almost dead.
The gnoll sergeant closely misses you.
You shoot an arrow. The arrow hits the orc.
The orc is severely wounded.
The gnoll sergeant hits you from afar with a +0 spear.
The orc misses you.
You shoot an arrow. The arrow hits the orc.
You kill the orc!
The gnoll sergeant hits you from afar with a +0 spear!
You shoot an arrow. The arrow hits the scorpion.
The scorpion is lightly wounded.
The scorpion barely misses you. The gnoll sergeant closely misses you.
The scorpion stings you.
You are lethally poisoned!
The scorpion poisons you!
You shoot an arrow. The arrow barely misses the scorpion.
The arrow barely misses the gnoll sergeant.
You die...

#.### #.#.. #.#.# #
#.#.# .. #.#.# #..#
##########.#.# .....
#.........#..#
#.%.#####.####.##..#.#
#..gs@....# #.##.##.#
#...####### #.##.##.#
#.. #.##>##.# #.
#.##.##.. .. #.##.####
#. ..##.# . ####.#
#######.###
..........#


You could see a gnoll sergeant and a scorpion.

Vanquished Creatures
  Eustachio (D:4)
  A quasit (D:4)
  An adder (D:4)
  2 shadow imps
  A dart slug (D:1)
  2 ribbon worms
  2 orcs
  2 bats
  5 endoplasms
  4 giant cockroaches
  4 goblins
  6 hobgoblins
  3 jackals (D:1)
  4 kobolds
  5 quokkas
  3 ball pythons
  4 frilled lizards
  11 rats
61 creatures vanquished.

Notes
Turn   | Place    | Note
-------+----------+-------------------------------------------
     0 | D:1      | qw the Spriggan Hunter began the quest for the Orb.
     0 | D:1      | Reached XP level 1. HP: 10/10 MP: 2/2
     0 | D:1      | 0 ||| qw: Version: 0.3-a-157-g843a77d
     0 | D:1      | 0 ||| qw: Game counter: 3846
     0 | D:1      | 0 ||| qw: Melee chars always use a shield: true
     0 | D:1      | 0 ||| qw: God list: Okawaru
     0 | D:1      | 0 ||| qw: Allow faded altars: false
     0 | D:1      | 0 ||| qw: Do Orc after clearing Dungeon:15 true
     0 | D:1      | 0 ||| qw: Do second Lair branch before Depths: true
     0 | D:1      | 0 ||| qw: Lair rune preference: random
     0 | D:1      | 0 ||| qw: Goals: Normal
     0 | D:1      | 0 ||| PLANNING D:1-11
     6 | D:1      | Noticed a human
    11 | D:1      | Noticed a tengu
    11 | D:1      | Noticed a minotaur skeleton
    17 | D:1      | Noticed a draconian
   101 | D:1      | Reached skill level 3 in Dodging
   157 | D:1      | Found a faded altar of an unknown god.
   161 | D:1      | Reached XP level 2. HP: 14/14 MP: 3/3
   654 | D:1      | 654 ||| READING 2 scrolls labelled NIWANI CITRAI.
   755 | D:1      | 755 ||| READING scroll labelled XALIMEMMINU.
   755 | D:1      | 755 ||| ENCHANTING +0 shortbow.
   756 | D:1      | 756 ||| DROPPING scroll of butterflies.
   757 | D:1      | 757 ||| DROPPING scroll of vulnerability.
   926 | D:2      | Reached XP level 3. HP: 18/18 MP: 4/4
  1469 | D:2      | 1469 ||| UPGRADING to amulet of reflection.
  1474 | D:2      | 1474 ||| READING scroll labelled MONUMU CUULA.
  1474 | D:2      | 1474 ||| ENCHANTING +1 shortbow.
  1475 | D:2      | 1475 ||| READING scroll labelled SETALU NO KAB.
  1476 | D:2      | 1476 ||| DRINKING 2 red potions.
  1477 | D:2      | 1477 ||| DROPPING potion of invisibility.
  1764 | D:3      | 1764 ||| READING 2 scrolls labelled GEYLIB QOAWA.
  1764 | D:3      | 1764 ||| IDENTIFYING fuming golden potion
  1765 | D:3      | 1765 ||| READING scroll of identify.
  1765 | D:3      | 1765 ||| IDENTIFYING white potion
  1766 | D:3      | 1766 ||| READING scroll labelled GOEDIPI WAOCRY.
  1811 | D:3      | Found a sacrificial altar of Ru.
  1873 | D:3      | 1873 ||| READING scroll labelled PATHRARABITAPN.
  1874 | D:3      | 1874 ||| READING scroll labelled FOISUA LAMPU.
  2069 | D:4      | 2069 ||| STAIRDANCE
  2074 | D:3      | Reached XP level 4. HP: 22/22 MP: 5/5
  2213 | D:4      | Noticed Eustachio
  2240 | D:4      | Killed Eustachio
  2241 | D:4      | Reached skill level 3 in Fighting
  2241 | D:4      | Reached XP level 5. HP: 13/28 MP: 6/6
  2364 | D:4      | HP: 6/28 [gnoll sergeant/+0 spear (12)]
  2365 | D:4      | HP: 2/28 [scorpion (4)]
  2366 | D:4      | Succumbed to a scorpion's poison

Levels and vault maps discovered:
D:1:      shiori_arrival_whats_in_store_for_you, layout_basic,
          shapermc_ecumenical_altar_starsandcircs
D:2:      layout_basic
D:3:      layout_basic, mainiacjoe_overflow_alcove_2,
          chequers_serial_rivers_micro_b, minmay_door_square, minmay_checkerbox
D:4:      layout_loops_ring, serial_demonic, serial_demonic_c, serial_demonic_f,
          serial_demonic_a, serial_demonic_a, minmay_circle_x, uniq_eustachio,
          uniq_grinder

Skill      XL: |  1  2  3  4 |
---------------+-------------+-----
Dodging        | 3 4 5 |  5.3
Ranged Weapons | 5 |  5.0
Fighting       | 3 |  3.4
Stealth        | |  1.5

Action                     |  1- 3 |  4- 6 || total
---------------------------+-------+-------++-------
   Fire: Shortbow          |   135 |    63 ||   198
    Use: Scroll            |     9 |       ||     9
         Potion            |     1 |       ||     1
 Armour: Robe              |    11 |    25 ||    36
  Dodge: Dodged            |    45 |    57 ||   102
  Block: Other             |     3 |     8 ||    11
         Reflection        |       |     1 ||     1

Table legend:
 A = Non-vault XP
 B = Vault XP
 C = Vault XP percentage of total XP
 D = Non-vault monster count
 E = Vault monster count
 F = Vault count percentage of total count
                 A         B        C        D         E       F
            +---------+---------+-------+---------+---------+-------
      Total |     100 |     268 |  72.8 |      50 |      11 |  18.0
            +---------+---------+-------+---------+---------+-------
        D:1 |      32 |       0 |   0.0 |      17 |       0 |   0.0
        D:2 |      33 |       0 |   0.0 |      21 |       0 |   0.0
        D:3 |      15 |      19 |  55.9 |       9 |       5 |  35.7
        D:4 |      20 |     249 |  92.6 |       3 |       6 |  66.7
            +---------+---------+-------+---------+---------+-------
